 Dungeon Sprint DCSS version 0.16-a0-3807-g3748f16 (webtiles) character file.

5441 BluebellGnoll the Unseen (level 10, -4/57 HPs)
             Began as a Spriggan Assassin on Jan 27, 2015.
             Was the Champion of Vehumet.
             Killed by divine providence
             ... invoked by an orc priest
              (12 damage)
             ... in the Dungeon (Sprint IX: "|||||||||||||||||||||||||||||").
             The game lasted 00:10:44 (1285 turns).

BluebellGnoll the Unseen (Spriggan Assassin)        Turns: 1285, Time: 00:10:44

Health: -4/57      AC:  5    Str:  7    XL:     10   Next: 41%
Magic:  20/20      EV: 35    Int: 15    God:    Vehumet [******]
Gold:   0          SH:  0    Dex: 19    Spells: 2 memorised, 5 levels left

rFire  . . .     SeeInvis +     r - +2 rapier (drain)
rCold  . . .     Clarity  .     c - +0 robe
rNeg   . . .     SustAb   .     (shield restricted)
rPois  .         Gourm    .     (helmet restricted)
rElec  .         Spirit   .     x - +0 cloak
rCorr  .         Warding  .     (gloves unavailable)
rMut   .         NoTele   +     (boots unavailable)
MR     +....                    (no amulet)
Stlth  ++++++++..               t - +2 ring of evasion
                                s - +2 ring of protection

@: very quick, somewhat resistant to hostile enchantments, extraordinarily
stealthy
A: unfitting armour, see invisible, herbivore 3, speed 3, slow metabolism 2
a: Renounce Religion


You were in the Dungeon.
You worshipped Vehumet.
Vehumet was exalted by your worship.
You were very full.

You visited 1 branch

Inventory:

Hand weapons
 b - a +0 blowgun
 r - a +2 rapier of draining (weapon)
Missiles
 e - 2 poisoned needles
Armour
 c - a +0 robe (worn)
 d - a +0 cloak
 x - a +0 cloak (worn)
Magical staves
 q - an uncursed staff of energy
Jewellery
 s - a +2 ring of protection (left hand)
 t - a +2 ring of evasion (right hand)
Magical devices
 p - a wand of fire (4)
Scrolls
 m - 4 scrolls of blinking
 n - 3 scrolls of remove curse
 o - 2 scrolls of amnesia
 v - 2 scrolls of enchant armour
Potions
 a - 3 potions of haste
 f - a potion of might
 h - 5 potions of curing
 i - 7 potions of heal wounds
 j - a potion of berserk rage
 k - 4 potions of magic
 u - a potion of brilliance
Miscellaneous
 l - a box of beasts
Comestibles
 g - 13 bread rations
 w - 32 fruits


   Skills:
 - Level 8.7 Fighting
 - Level 14.1 Short Blades
 - Level 2.1 Throwing
 - Level 16.6 Dodging
 - Level 18.6 Stealth
 - Level 0.8 Spellcasting
 + Level 5.0 Ice Magic


You had 5 spell levels left.
You knew the following spells:

 Your Spells              Type           Power        Failure   Level  Hunger
a - Freeze                Ice            ###.         1%          1    ##.....
b - Throw Icicle          Conj/Ice       #.......     41%         4    #####..


Dungeon Overview and Level Annotations

Branches:
Dungeon (1/1)

Altars:
Cheibriados
Dithmenos
Elyvilon
Fedhas
Gozag
Kikubaaqudgha
Makhleb
Nemelex Xobeh
Okawaru
Qazlal
Ru
Sif Muna
Trog
Vehumet
Xom
Yredelemnul
Zin
The Shining One
Beogh
Jiyva
Lugonu


Innate Abilities, Weirdness & Mutations

You are tiny and cannot use many weapons and most armour.
You have supernaturally acute eyesight.
You are a herbivore.
You cover ground extremely quickly.
You need consume almost no food.


Message History

You are too injured to fight recklessly!
You hit the orc knight. You drain the orc knight!
You kill the orc knight!
Vehumet accepts your kill.
Vehumet offers you knowledge of Fireball.
You feel your power returning.
Your Ice Magic skill increases to level 4!
Unknown command.
You barely miss the orc priest.
The orc priest is severely wounded.
You hit the orc priest but do no damage.
You drain the orc priest!
The orc priest is almost dead.
You hit the orc priest.
You kill the orc priest!
Vehumet accepts your kill.
Your Ice Magic skill increases to level 5!
The orc priest calls down the wrath of Beogh upon you.
Something smites you!
You die...

▓▓▓▓▓▓▓▓▓▓▓
▓.o[▓...▓<▓
▓.▓@▓.▓.▓)▓
▓.▓.▓.▓.▓.▓
▓.▓.▓.▓.▓†▓
▓.▓.▓.▓.▓.▓
▓.▓.▓.▓.▓'▓
▓.▓.▓.▓.▓)▓
▓.▓.▓'▓.▓.▓
▓.▓.▓.▓.▓.▓
▓o▓.▓.▓.▓.▓


You could see an orc priest (frenzied).

Vanquished Creatures
  A tengu warrior (D)
  An unseen horror (D)
  An orc knight (D)
  A black mamba (D)
  A spiny frog (D)
  A boulder beetle (D)
  2 two-headed ogres (D)
  A basilisk (D)
  A wraith (D)
  2 wolves (D)
  A hippogriff (D)
  3 porcupines (D)
  3 wargs (D)
  An ice beast (D)
  3 hell hounds (D)
  An orc warrior (D)
  2 ogres (D)
  4 giant frogs (D)
  3 crocodiles (D)
  2 jellies (D)
  An orc priest (D)
  3 hounds (D)
  An orc wizard (D)
  A gnoll (D)
  2 adders (D)
  An orc (D)
  A bat skeleton (D)
  2 hobgoblins (D)
  A jackal (D)
  3 bats (D)
  A giant newt (D)
52 creatures vanquished.

Notes
Turn   | Place    | Note
--------------------------------------------------------------
     0 | D        | BluebellGnoll, the Spriggan Assassin, began the quest for the Orb.
     0 | D        | Reached XP level 1. HP: 10/10 MP: 2/2
     9 | D        | Reached skill level 6 in Stealth
    12 | D        | Reached skill level 7 in Stealth
    30 | D        | Reached skill level 9 in Stealth
    30 | D        | Reached XP level 2. HP: 9/14 MP: 4/4
   156 | D        | Noticed a hound
   156 | D        | Noticed an ogre
   189 | D        | Killed a hound
   189 | D        | Reached skill level 12 in Stealth
   189 | D        | Reached XP level 3. HP: 7/18 MP: 6/6
   197 | D        | Killed an ogre
   197 | D        | Reached skill level 15 in Stealth
   197 | D        | Reached XP level 4. HP: 14/22 MP: 8/8
   197 | D        | Reached XP level 5. HP: 15/25 MP: 10/10
   224 | D        | Found a glowing silver altar of Zin.
   224 | D        | Found a glowing golden altar of the Shining One.
   224 | D        | Found an ancient bone altar of Kikubaaqudgha.
   224 | D        | Found a basalt altar of Yredelemnul.
   224 | D        | Found a shimmering altar of Xom.
   224 | D        | Found a radiant altar of Vehumet.
   224 | D        | Found an iron altar of Okawaru.
   225 | D        | Found a burning altar of Makhleb.
   226 | D        | Found a deep blue altar of Sif Muna.
   227 | D        | Found a bloodstained altar of Trog.
   228 | D        | Found a sparkling altar of Nemelex Xobeh.
   229 | D        | Found a white marble altar of Elyvilon.
   230 | D        | Found a roughly hewn altar of Beogh.
   231 | D        | Found a viscous altar of Jiyva.
   232 | D        | Became a worshipper of Vehumet
   233 | D        | Found a corrupted altar of Lugonu.
   234 | D        | Found a blossoming altar of Fedhas.
   235 | D        | Found a snail-covered altar of Cheibriados.
   236 | D        | Found a shadowy altar of Dithmenos.
   237 | D        | Found a stormy altar of Qazlal.
   238 | D        | Found an opulent altar of Gozag.
   239 | D        | Found a sacrificial altar of Ru.
   395 | D        | Noticed a two-headed ogre
   395 | D        | Noticed an orc warrior
   395 | D        | Noticed a jelly
   395 | D        | Noticed a two-headed ogre
   428 | D        | Killed a two-headed ogre
   428 | D        | Acquired Vehumet's first power
   428 | D        | Offered knowledge of Magic Dart by Vehumet.
   428 | D        | Reached XP level 6. HP: 10/30 MP: 12/12
   431 | D        | Killed an orc warrior
   432 | D        | Killed a jelly
   438 | D        | Killed a jelly
   465 | D        | Killed a two-headed ogre
   465 | D        | Reached skill level 16 in Dodging
   465 | D        | Reached XP level 7. HP: 14/33 MP: 14/14
   653 | D        | Noticed an unseen horror
   653 | D        | Noticed an ice beast
   653 | D        | Noticed a giant frog
   653 | D        | Noticed a wraith
   653 | D        | Noticed a tengu warrior
   653 | D        | Noticed an ogre
   656 | D        | Killed an ice beast
   656 | D        | Offered knowledge of Freeze by Vehumet.
   656 | D        | Reached skill level 5 in Short Blades
   656 | D        | Killed a giant frog
   657 | D        | Killed an unseen horror
   657 | D        | Acquired Vehumet's second power
   657 | D        | Reached skill level 10 in Short Blades
   657 | D        | Reached XP level 8. HP: 37/37 MP: 16/16
   658 | D        | Killed an ogre
   693 | D        | Killed a wraith
   698 | D        | Killed a tengu warrior
   698 | D        | Reached XP level 9. HP: 22/41 MP: 18/18
   822 | D        | Learned a level 1 spell: Freeze
   889 | D        | Noticed a porcupine
   889 | D        | Noticed a porcupine
   889 | D        | Noticed a giant frog
   889 | D        | Noticed a giant frog
   889 | D        | Noticed a hound
   889 | D        | Noticed a porcupine
   889 | D        | Noticed a crocodile
   890 | D        | Noticed a black mamba
   891 | D        | Killed a porcupine
   891 | D        | Offered knowledge of Static Discharge by Vehumet.
   891 | D        | Acquired Vehumet's third power
   891 | D        | Reached skill level 1 in Ice Magic
   892 | D        | Noticed a hound
   893 | D        | Killed a porcupine
   895 | D        | Killed a giant frog
   897 | D        | Killed a giant frog
   900 | D        | Killed a hound
   907 | D        | Killed a porcupine
   909 | D        | Killed a crocodile
   909 | D        | Killed a hound
   909 | D        | Reached skill level 5 in Fighting
   912 | D        | Killed a black mamba
   922 | D        | Noticed a giant frog
   922 | D        | Noticed a hippogriff
   922 | D        | Noticed a basilisk
   922 | D        | Noticed a crocodile
   922 | D        | Noticed a spiny frog
   923 | D        | Noticed a crocodile
   924 | D        | Killed a giant frog
   925 | D        | Noticed a boulder beetle
   935 | D        | Killed a hippogriff
   942 | D        | Killed a crocodile
   948 | D        | Killed a basilisk
   948 | D        | Reached skill level 17 in Stealth
   954 | D        | Killed a spiny frog
   960 | D        | Killed a crocodile
   960 | D        | Reached skill level 18 in Stealth
   960 | D        | Reached XP level 10. HP: 37/53 MP: 19/19
   971 | D        | Killed a boulder beetle
   973 | D        | Noticed a warg
   973 | D        | Noticed a hell hound
   973 | D        | Noticed a warg
   973 | D        | Noticed a hell hound
   973 | D        | Noticed a wolf
   977 | D        | Noticed a warg
   986 | D        | Noticed a hell hound
   988 | D        | Noticed a wolf
   993 | D        | Killed a hell hound
  1016 | D        | Killed a hell hound
  1035 | D        | Killed a hell hound
  1046 | D        | Killed a warg
  1048 | D        | Killed a warg
  1063 | D        | Killed a wolf
  1070 | D        | Killed a wolf
  1079 | D        | Killed a warg
  1207 | D        | Noticed an orc wizard
  1207 | D        | Noticed an orc priest
  1207 | D        | Noticed an orc knight
  1207 | D        | Noticed an orc priest
  1207 | D        | Noticed an orc priest
  1208 | D        | Noticed an orc wizard
  1211 | D        | Killed an orc wizard
  1211 | D        | Offered knowledge of Throw Icicle by Vehumet.
  1238 | D        | Learned a level 4 spell: Throw Icicle
  1280 | D        | Killed an orc knight
  1280 | D        | Offered knowledge of Fireball by Vehumet.
  1283 | D        | Killed an orc priest
  1283 | D        | Reached skill level 5 in Ice Magic
  1285 | D        | Killed from afar by an orc priest

Action                   |  1- 3 |  4- 6 |  7- 9 | 10-12 || total
-------------------------+-------+-------+-------+-------++-------
Melee: Dagger            |    32 |       |       |       ||    32
       Rapier            |       |    11 |    76 |   141 ||   228
 Fire: Blowgun           |    11 |     9 |       |       ||    20
 Cast: Freeze            |       |       |       |     3 ||     3
Evoke: Wand              |       |     2 |     9 |       ||    11
       Box of beasts     |       |       |     1 |       ||     1
  Use: Potion            |     1 |       |     2 |       ||     3
       Scroll            |       |       |     2 |       ||     2
 Stab: Sleeping          |       |     2 |     5 |     1 ||     8
       Invisible         |       |       |     1 |       ||     1
  Eat: Fruit             |       |       |       |     8 ||     8
